Map: Heavy Artillery LE

Players

KuSi

  • Race: Zerg Zerg
  • League: Diamond
  • Spawn Location: 7:00

KingCROmson

  • Race: Protoss Protoss
  • League: Silver
  • Spawn Location: 7:00

Massa - Winner!

  • Race: Terran Terran
  • Spawn Location: 3:00

qqq - Winner!

  • Race: Protoss Protoss
  • Spawn Location: 1:00

VOD

Have the link to the VOD?

Description

Time

  • Played on: June 13, 2020, 7:51 a.m.
  • Length: 10:36
Show
View Real Time Build Order
Export as new Build Order

KuSi Zerg 

Build Orders: Hatch First 

Get SALT Encoding   

  12  0:02  Drone  
  13  0:13  Overlord  
  13  0:17  Drone  
  14  0:31  Drone x2  
  16  0:49  Hatchery  
  15  0:53  Drone  
  15  0:57  Drone  
  17  1:00  Drone  
  18  1:11  Extractor  
  17  1:16  Spawning Pool  
  16  1:20  Drone  
  16  1:23  Drone  
  18  1:29  Drone  
  19  1:40  Drone  
  20  1:51  Drone  
  21  2:02  Drone  
  22  2:11  Queen  
  22  2:12  Queen  
  22  2:14  Zergling x2  
  22  2:15  Zergling x2  
  28  2:24  Hatchery  
  28  2:27  Overlord  
  27  2:36  Drone  
  28  2:39  Metabolic Boost  
  28  2:51  Queen  
  28  2:53  Drone x2  
  28  2:56  Pneumatized Carapace  
  32  2:59  Drone  
  32  3:04  Overlord  
  33  3:07  Drone  
  33  3:11  Drone  
  35  3:13  Drone  
  35  3:18  Overlord  
  36  3:28  Drone x2  
  36  3:29  Drone x3  
  41  3:39  Lair  
  41  3:42  Drone x2  
  41  3:46  Drone x3  
  46  3:48  Drone  
  46  3:54  Queen  
  49  4:13  Drone  
  49  4:16  Overlord  
  49  4:17  Overlord x2  
  50  4:35  Drone x12  
  62  4:46  Roach Warren, Evolution Chamber x2  
  62  4:50  Spire  
  58  4:53  Drone x3  
  58  4:54  Drone  
  58  4:57  Drone x2  
  58  4:58  Extractor, Drone  
  64  5:01  Extractor  
  64  5:02  Drone x3  
  64  5:03  Drone x3, Extractor  
  64  5:05  Drone x4  
  72  5:11  Extractor  
  72  5:12  Extractor  
  70  5:14  Drone x3  
  73  5:29  Zerg Missile Weapons Level 1  
  73  5:34  Glial Reconstitution  
  73  5:43  Overlord x5  
  73  6:10  Roach x14  
  73  6:11  Roach x3  
  107  6:24  Roach x3  
  113  6:30  Overlord x2  
  110  6:45  Spore Crawler  
  109  6:47  Overlord x3  
  109  6:48  Overlord x3  
  109  6:53  Spore Crawler  
  106  7:04  Spore Crawler  
  106  7:07  Spore Crawler  
  104  7:11  Queen  
  104  7:12  Corruptor  
  104  7:13  Corruptor x7  
  122  7:24  Queen  
  122  7:25  Queen  
  126  7:34  Zerg Missile Weapons Level 2  
  126  7:36  Zerg Flyer Weapons Level 1  
  126  8:06  Infestation Pit, Corruptor x2  
  126  8:11  Hatchery  
  128  8:17  Drone x2, Overlord x2  
  128  8:18  Overlord x5  
  130  8:24  Overseer x2  
  130  8:27  Zerg Ground Armor Level 1  
  126  8:42  Corruptor x2  
  126  8:43  Corruptor x2  
  84  9:20  Corruptor  
  84  9:21  Corruptor x4  
  74  9:38  Corruptor x2  
  74  9:39  Zergling x2  
  74  9:40  Zergling x28  
  71  10:13  Zergling x8  
  71  10:14  Zergling x16  
Show
View Real Time Build Order
Export as new Build Order

KingCROmson Protoss 

Build Orders: Zealot Archon 

Get SALT Encoding   

  12  0:01  Probe  
  13  0:15  Pylon  
  13  0:18  Probe  
  14  0:25  Assimilator  
  14  0:30  Probe  
  15  0:41  Gateway  
  15  0:44  Probe  
  16  0:56  Probe  
  17  1:08  Probe  
  18  1:17  Gateway  
  18  1:21  Probe  
  19  1:28  Cybernetics Core  
  19  1:33  Pylon  
  19  1:35  Assimilator  
  19  1:36  Probe  
  20  1:47  Probe  
  21  1:55  Warp Gate  
  21  1:58  Probe  
  21  2:08  Probe  
  21  2:14  Stalker x2  
  26  2:19  Probe  
  27  2:37  Nexus  
  27  2:43  Pylon  
  27  2:49  Probe  
  28  2:51  Sentry  
  28  2:57  Pylon  
  30  3:01  Probe  
  31  3:08  Stalker  
  33  3:18  Probe  
  34  3:23  Stalker  
  36  3:31  Probe  
  37  3:41  Gateway  
  37  3:42  Probe, Gateway  
  37  3:47  Probe  
  38  3:50  Probe  
  40  4:00  Robotics Facility  
  40  4:13  Probe x2  
  42  4:18  Assimilator  
  42  4:20  Assimilator  
  42  4:25  Probe x2  
  44  4:38  Probe x2  
  46  4:50  Twilight Council  
  46  4:53  Probe x2  
  46  4:54  Stalker  
  46  4:55  Stalker x3  
  56  5:05  Probe x2  
  58  5:17  Probe  
  58  5:18  Probe  
  60  5:25  Pylon  
  60  5:27  Pylon  
  60  5:29  Pylon  
  60  5:30  Probe x2  
  62  5:40  Templar Archives  
  62  5:43  Immortal  
  62  5:44  Probe x2  
  68  5:53  Robotics Bay  
  68  6:04  Probe  
  68  6:05  Probe  
  68  6:07  Pylon  
  70  6:19  Forge  
  70  6:20  Forge  
  70  6:23  Pylon  
  70  6:24  Probe x2  
  72  6:26  High Templar  
  72  6:27  High Templar x3  
  72  6:30  Immortal  
  72  6:32  Archon  
  84  6:34  Archon  
  84  7:02  Stalker x4  
  92  7:08  Photon Cannon  
  92  7:12  Photon Cannon x2  
  92  7:14  Photon Cannon  
  92  7:15  Photon Cannon  
  92  7:20  Probe x2, Gateway  
  94  7:25  Photon Cannon  
  94  7:29  Photon Cannon  
  94  7:31  Photon Cannon, Gateway  
  94  7:35  Photon Cannon  
  94  7:37  Probe x2  
  96  7:46  High Templar x3  
  102  7:55  Pylon  
  102  7:57  Pylon, Extended Thermal Lance  
  102  7:59  Pylon  
  102  8:00  Pylon  
  102  8:04  Archon  
  102  8:13  Colossus  
  108  8:26  Nexus  
  108  8:54  High Templar x2  
  108  8:55  High Templar  
  112  9:05  Archon  
  112  9:07  Archon  
  66  9:28  Zealot x5  
  66  9:29  Zealot  
  54  9:41  Immortal  
  58  9:50  High Templar x3  
  58  9:52  Zealot x3  
  68  9:54  Archon  
Show
View Real Time Build Order
Export as new Build Order

Massa Terran - Winner!

Build Orders:  

Get SALT Encoding   

  12  0:06  SCV  
  13  0:18  SCV  
  14  0:24  Supply Depot  
  14  0:30  SCV  
  15  0:46  SCV  
  15  0:47  Barracks  
  16  0:58  SCV  
  17  1:10  SCV  
  18  1:21  Command Center  
  18  1:22  SCV  
  19  1:27  Refinery  
  19  1:34  SCV  
  19  1:38  Marine  
  21  1:46  Supply Depot  
  21  1:47  SCV  
  22  1:56  Marine  
  23  2:07  SCV, Barracks  
  24  2:10  Barracks  
  24  2:14  Marine  
  25  2:29  Orbital Command  
  25  2:32  Marine  
  25  2:33  SCV  
  27  2:45  SCV  
  27  2:50  Marine  
  29  3:00  SCV x2  
  29  3:02  Supply Depot  
  29  3:05  Supply Depot  
  31  3:06  Barracks Tech Lab  
  31  3:07  Marine  
  31  3:08  Barracks Reactor  
  31  3:12  SCV x2  
  34  3:24  SCV x2  
  34  3:25  Marine  
  37  3:36  SCV x2  
  37  3:37  Factory  
  37  3:39  Refinery  
  37  3:41  Refinery  
  39  3:44  Engineering Bay  
  39  3:46  Engineering Bay  
  39  3:48  SCV  
  39  3:49  SCV  
  39  3:50  Marauder  
  43  4:14  Marauder  
  43  4:15  Marine x2  
  43  4:16  Marine  
  48  4:22  Factory Tech Lab  
  48  4:27  Concussive Shells  
  48  4:33  Marine x3  
  48  4:36  Marauder  
  53  4:38  SCV x2  
  53  4:43  Refinery  
  55  4:48  Missile Turret  
  55  4:50  SCV x2  
  55  4:51  Marine  
  55  4:52  Missile Turret  
  58  4:53  Missile Turret  
  58  5:00  Command Center  
  58  5:07  SCV  
  58  5:10  Stimpack  
  58  5:12  Orbital Command  
  59  5:18  Marauder  
  59  5:19  SCV  
  62  5:27  Supply Depot  
  62  5:31  Supply Depot  
  62  5:35  Supply Depot  
  62  5:49  Marauder, Siege Tank  
  67  5:52  Terran Infantry Armor Level 1, Terran Infantry Weapons Level 1  
  67  5:55  Armory  
  67  6:00  Starport  
  67  6:12  Missile Turret  
  67  6:17  Orbital Command  
  67  6:18  SCV x2  
  69  6:21  Siege Tank  
  72  6:30  SCV x2  
  72  6:32  Missile Turret  
  74  6:37  Supply Depot  
  74  6:42  SCV x2  
  76  6:47  Barracks Tech Lab  
  76  6:49  Combat Shield  
  76  6:53  Marauder, Marine x2, Missile Turret  
  80  6:54  SCV x2  
  80  6:58  Siege Tank  
  80  6:59  SCV  
  80  7:00  Supply Depot  
  86  7:11  Marine x2  
  86  7:12  Terran Vehicle Weapons Level 1  
  86  7:14  Marauder  
  90  7:16  Medivac  
  92  7:23  Supply Depot  
  92  7:24  Supply Depot  
  92  7:28  Command Center  
  92  7:29  Marine x2  
  94  7:33  Factory  
  94  7:35  Marauder  
  96  7:39  Siege Tank  
  99  7:46  Medivac  
  99  7:47  Supply Depot  
  101  7:55  Barracks  
  101  7:57  Marauder  
  103  7:59  Marauder, Marine  
  103  8:01  Marine  
  107  8:10  Supply Depot  
  107  8:16  Medivac  
  107  8:17  Marine  
  107  8:18  Marauder  
  107  8:19  Marine  
  113  8:20  Marauder  
  113  8:25  Refinery  
  115  8:27  Refinery, SCV x3  
  118  8:35  Marine  
  118  8:39  SCV x3  
  118  8:40  Marauder  
  124  8:41  Marauder  
  124  8:48  Factory Tech Lab, Siege Tank  
  126  8:51  SCV x2  
  126  8:52  SCV  
  132  9:01  Marauder  
  135  9:03  SCV, Marauder  
  135  9:04  SCV x2  
  111  9:20  Marine, Siege Tank  
  111  9:21  Marine  
  111  9:22  Marauder  
  110  9:24  Marauder  
  110  9:26  Barracks Tech Lab  
  109  9:38  Marine  
  106  9:39  Marine  
  106  9:44  Marauder  
  110  9:45  Marauder  
  110  9:55  Marine  
  110  9:56  Marine  
  109  10:05  Marauder  
  109  10:07  Marauder  
  109  10:13  Marine  
  114  10:14  Marine  
  114  10:15  Marauder  
Show
View Real Time Build Order
Export as new Build Order

qqq Protoss - Winner!

Build Orders: Phoenix Opening, Mass Phoenix 

Get SALT Encoding   

  12  0:05  Probe  
  13  0:20  Pylon  
  13  0:32  Pylon  
  13  0:38  Probe  
  14  0:50  Probe  
  14  0:51  Gateway  
  15  1:00  Assimilator  
  15  1:02  Probe  
  16  1:14  Probe  
  17  1:27  Probe  
  18  1:39  Probe  
  19  1:42  Cybernetics Core  
  19  2:07  Probe  
  20  2:12  Assimilator  
  20  2:17  Nexus  
  20  2:19  Probe  
  21  2:31  Probe  
  22  2:44  Probe, Stargate  
  23  2:56  Probe  
  24  3:05  Stargate  
  24  3:29  Probe  
  24  3:32  Assimilator  
  25  3:35  Assimilator  
  25  3:41  Probe, Phoenix  
  28  3:52  Nexus  
  28  3:53  Probe  
  29  3:56  Phoenix  
  31  4:05  Probe  
  31  4:06  Phoenix  
  34  4:17  Probe  
  34  4:22  Protoss Air Weapons Level 1  
  35  4:29  Probe  
  36  4:41  Probe  
  37  4:49  Phoenix x2  
  41  4:53  Probe  
  42  5:05  Probe  
  43  5:08  Probe  
  43  5:14  Phoenix x2  
  46  5:18  Probe  
  46  5:20  Probe  
  50  5:30  Probe, Fleet Beacon  
  50  5:32  Pylon  
  50  5:33  Probe  
  52  5:38  Pylon  
  52  5:42  Probe  
  53  5:45  Probe, Phoenix  
  53  5:49  Phoenix  
  58  5:54  Probe  
  59  5:57  Probe  
  60  6:06  Probe  
  61  6:16  Phoenix  
  61  6:17  Phoenix  
  65  6:21  Probe x2  
  67  6:26  Assimilator  
  67  6:41  Phoenix  
  67  6:42  Phoenix  
  71  7:06  Phoenix x2  
  75  7:09  Anion Pulse-Crystals  
  77  7:15  Probe x2  
  77  7:20  Assimilator  
  77  7:23  Pylon  
  77  7:26  Pylon  
  77  7:32  Protoss Air Weapons Level 2  
  77  7:35  Pylon  
  77  7:38  Pylon  
  77  7:41  Probe x2  
  77  7:43  Carrier  
  85  7:44  Pylon  
  85  7:46  Pylon  
  85  7:50  Phoenix  
  87  7:51  Pylon  
  87  7:53  Probe x2  
  87  7:54  Stargate  
  89  8:05  Probe x2  
  91  8:07  Stargate  
  91  8:17  Probe x2  
  93  8:24  Forge  
  93  8:28  Carrier  
  93  8:29  Probe x2  
  99  8:41  Probe  
  99  8:47  Tempest  
  105  8:53  Probe  
  100  9:13  Phoenix x2  
  104  9:30  Phoenix  
  106  9:32  Phoenix  
  106  9:38  Phoenix  
  110  9:55  Phoenix  
  110  9:57  Phoenix  
  112  10:03  Phoenix  
  114  10:08  Probe  
  113  10:20  Probe  
Tags
 
Add a new tag
Caveats
  • Supply blocks, unpowered buildings, or Contaminate may cause inaccurate times.
  • Supply counts are checked every 10 seconds.